 Dungeon Crawl Stone Soup version 0.30-a0-737-gf23d94013f (webtiles) character file.

Game seed: 6078091580116946300

1348 sokol815 the Poker (level 8, -3/91 HPs)
             Began as a Gnoll Wanderer on Feb 1, 2023.
             Was an Initiate of Gozag.
             Slain by a cyan ugly thing (6 damage)
             ... on level 7 of the Dungeon.
             The game lasted 00:11:05 (6185 turns).

sokol815 the Poker (Gnoll Wanderer)                 Turns: 6185, Time: 00:11:06

Health: -3/91      AC: 31    Str: 13    XL:     8   Next: 62%
Magic:  22/22      EV:  2    Int: 14    God:    Gozag
Gold:   372        SH:  0    Dex: 12    Spells: 14/14 levels left

rFire   . . .      SeeInvis +    a - +1 flail (protect)
rCold   . . .      Faith    .    (no shield)
rNeg    . . .      Spirit   .    (body armour currently unavailable)
rPois   +          Reflect  .    (helmet currently unavailable)
rElec   .          Harm     .    (cloak currently unavailable)
rCorr   .          Rampage  .    (gloves currently unavailable)
Will    .....      NoTele   +    (boots currently unavailable)
Stlth   ++                       l - amulet of regeneration
HPRegen 1.15/turn                V - ring of see invisible {sInv, !d}
MPRegen 0.18/turn                t - ring of magical power {MP+9}

@: tree-form, under a protective aura
A: stationary, stasis, torment immunity, boosted hp, (fangs 1), strong nose,
distributed training, (hooves 1), clever 1
a: Renounce Religion, Potion Petition, Call Merchant, Bribe Branch


You were on level 7 of the Dungeon.
You worshipped Gozag.
Gozag was aware of your devotion.
You were a tree.
You visited 1 branch of the dungeon, and saw 7 of its levels.

You collected 463 gold pieces.
You paid 91 gold pieces to Gozag.

Inventory:

Hand Weapons
 a - a +1 flail of protection (weapon)
   (You took it off a gnoll on level 2 of the Dungeon)
 b - a +0 spear
 d - a +0 hand axe
   (You found it on level 1 of the Dungeon)
 i - a +0 battleaxe
   (You found it on level 2 of the Dungeon)
 m - a +2 mace
 n - a +1 heavy spear
   (You took it off a gnoll on level 5 of the Dungeon)
 q - a +0 whip of draining
   (You took it off an orc on level 6 of the Dungeon)
Missiles
 s - 100 stones
Armour
 c - a +0 ring mail
 e - a +2 robe of resistance
   (You took it off Dowan on level 7 of the Dungeon)
 f - a +1 helmet (melded)
   (You took it off Robin on level 4 of the Dungeon)
 g - a +0 pair of gloves (melded)
   (You found it on level 6 of the Dungeon)
 j - a +0 scale mail
   (You found it on level 3 of the Dungeon)
 k - a +1 scale mail of willpower (melded)
   (You took it off an orc on level 3 of the Dungeon)
 r - a +0 pair of boots (melded)
   (You found it on level 5 of the Dungeon)
Jewellery
 l - an amulet of regeneration (around neck)
   (You found it on level 3 of the Dungeon)
 t - a ring of magical power (right branch) {MP+9}
   (You found it on level 7 of the Dungeon)
 V - a ring of see invisible (left branch) {sInv, !d}
   (You found it on level 4 of the Dungeon)
Scrolls
 D - a scroll of blinking {!r}
 Y - 2 scrolls of teleportation {@r3}
Potions
 h - 2 potions of attraction {!q}
 B - 2 potions of brilliance
 H - a potion of haste
 L - 3 potions of flight
 N - 3 potions of heal wounds {@q2}


   Skills:
 + Level 4.4 Fighting
 + Level 3.5 Short Blades
 + Level 3.5 Long Blades
 + Level 3.5 Axes
 + Level 5.9 Maces & Flails
 + Level 7.5 Polearms
 + Level 3.5 Staves
 + Level 3.5 Ranged Weapons
 + Level 3.5 Throwing
 + Level 5.9 Armour
 + Level 3.5 Dodging
 + Level 3.5 Stealth
 + Level 3.5 Shields
 + Level 3.5 Unarmed Combat
 + Level 3.5 Spellcasting
 + Level 2.9 Conjurations
 + Level 2.9 Hexes
 + Level 2.9 Summonings
 + Level 2.9 Necromancy
 + Level 2.9 Translocations
 + Level 2.9 Transmutations
 + Level 2.9 Fire Magic
 + Level 2.9 Ice Magic
 + Level 2.9 Air Magic
 + Level 2.9 Earth Magic
 + Level 2.9 Poison Magic
 + Level 4.8 Invocations
 + Level 4.4 Evocations


You had 14 spell levels left.
You didn't know any spells.
Your spell library was empty.

Dungeon Overview and Level Annotations

Branches:
Dungeon (7/15) Zot: 26618  Temple (0/1) D:6

Altars:
Gozag
Wu Jian


Innate Abilities, Weirdness & Mutations

You are a tree.
Your roots penetrate the ground, keeping you stationary.
You cannot be teleported.
You are immune to unholy pain and torment.
Your maximum health is greatly increased.
Your equipment is partially melded.
((You have very sharp teeth.))
Your uncanny sense of smell can sniff out nearby items.
Your experience applies equally to all skills.
((You have large cloven feet.))
Your mind is acute. (Int +4, Str/Dex -1)


Message History

You regained 2 hp, and now have 44/61 hp.
Unknown command.
You hit the wraith but do no damage. The wraith hits you but does no damage.
You regained 2 hp, and now have 46/61 hp.
Unknown command.
You barely miss the wraith. The wraith hits you but does no damage.
The wraith closely misses you.
You regained 2 hp, and now have 48/61 hp.
Unknown command.
Unknown command.
You hit the wraith but do no damage. The wraith hits you but does no damage.
You regained 2 hp, and now have 50/61 hp.
You closely miss the wraith.
The wraith hits you but does no damage. x2
Unknown command.
Unknown command.
You hit the wraith.
You destroy the wraith!
You regained 2 hp, and now have 53/61 hp.
Unknown command.
Unknown command.
You now have 372 gold pieces (gained 12).
Items here: )) [[.
You regained 3 hp, and now have 56/61 hp.
You regained 2 hp, and now have 58/61 hp.
Items here: )) [[.
You regained 2 hp, and now have 60/61 hp.
Okay, then.
Health restored: 61 You start waiting.
You feel yourself speed up.
Okay, then.
Items here: )) [[.
A cyan ugly thing comes into view.
The cyan ugly thing gurgles horribly!
You hear an angry hiss.
A water moccasin comes into view.
Items here: )) [[.
The cyan ugly thing attacks as you move away!
The cyan ugly thing barely misses you.
The cyan ugly thing attacks as you move away!
The cyan ugly thing stings you. The cyan ugly thing shocks you!
You take 17 damage, and have 44/61 hp.
MASSIVE DAMAGE!!
The cyan ugly thing attacks as you move away!
The cyan ugly thing barely misses you.
Really quaff
P - a potion of lignification {!q}?
Really quaff the potion of lignification?
You turn into a tree.
Your +1 helmet melds into your body.
Your +0 pair of gloves melds into your body.
Your +0 pair of boots melds into your body.
Your +1 scale mail of willpower melds into your body.
You feel less strong-willed.
Your roots penetrate the ground.
The cyan ugly thing stings you but does no damage.
You now have 75/91 hp.
You closely miss the cyan ugly thing.
The cyan ugly thing stings you but does no damage.
You hit the cyan ugly thing.
Your weapon exudes an aura of protection.
The cyan ugly thing stings you but does no damage.
You regained 2 hp, and now have 78/91 hp.
You hit the cyan ugly thing.
The cyan ugly thing stings you but does no damage.
You hit the cyan ugly thing but do no damage.
The cyan ugly thing stings you. The cyan ugly thing shocks you!
You take 14 damage, and have 65/91 hp.
You barely miss the cyan ugly thing.
The cyan ugly thing stings you but does no damage.
You regained 2 hp, and now have 67/91 hp.
You closely miss the cyan ugly thing. The cyan ugly thing stings you.
The cyan ugly thing shocks you!
You take 16 damage, and have 51/91 hp.
You hit the cyan ugly thing. The cyan ugly thing stings you!
The cyan ugly thing shocks you!
You take 21 damage, and have 30/91 hp.
MASSIVE DAMAGE!!
You hit the cyan ugly thing.
The cyan ugly thing stings you but does no damage. x2
You hit the cyan ugly thing but do no damage.
The cyan ugly thing stings you but does no damage.
You regained 2 hp, and now have 33/91 hp.
You hit the cyan ugly thing but do no damage.
The cyan ugly thing stings you. The cyan ugly thing shocks you!
* * * LOW HITPOINT WARNING * * *
You barely miss the cyan ugly thing.
The cyan ugly thing stings you but does no damage.
You hit the cyan ugly thing. The cyan ugly thing barely misses you.
You take 18 damage, and have 15/91 hp.
You hit the cyan ugly thing.
The cyan ugly thing stings you but does no damage.
You regained 2 hp, and now have 17/91 hp.
You barely miss the cyan ugly thing.
The cyan ugly thing stings you but does no damage.
You hit the cyan ugly thing.
The cyan ugly thing stings you but does no damage.
You hit the cyan ugly thing. The cyan ugly thing stings you.
* * * LOW HITPOINT WARNING * * *
The cyan ugly thing shocks you!
* * * LOW HITPOINT WARNING * * *
You hit the cyan ugly thing. The cyan ugly thing stings you.
You die...
Your body crumbles into a pile of gold.

##........# ..........#
∆ ..........#
####..##..# #..###.#
#......# #.....S#
#..###u# #..###♣#
#..#...# $
+..#...######
#....#..#.........
###+##....#..##>###....
..........##'##.# ..#
......[...#.....# #
..........#.....#
..........#.....#


You could see a cyan ugly thing and a water moccasin.

Vanquished Creatures
  A wraith (D:7)
  Duvessa (D:7)
  A centaur (D:6)
  2 ogres
  A necrophage (D:5)
  Dowan (D:7)
  A hound (D:6)
  3 jellies
  3 gnoll boudas
  An orc priest (D:6)
  5 iguanas
  2 orc wizards
  Robin (D:4)
  17 gnolls
  3 adders
  A shadow imp (D:6)
  3 worms
  A dart slug (D:2)
  13 orcs
  9 endoplasms
  3 giant cockroaches (D:1)
  16 goblins
  6 hobgoblins
  8 kobolds
  3 quokkas
  5 ball pythons
  9 bats
  4 frilled lizards
  3 rats
127 creatures vanquished.

Notes
Turn   | Place    | Note
-------+----------+-------------------------------------------
     0 | D:1      | sokol815 the Gnoll Wanderer began the quest for the Orb.
     0 | D:1      | sokol815 set off with the following items: a +2 mace, a +0
                  | spear, a +0 ring mail, a potion of heal wounds {@q2}.
     0 | D:1      | Reached XP level 1. HP: 17/17 MP: 2/2
   210 | D:1      | Reached XP level 2. HP: 20/23 MP: 3/3
   883 | D:1      | Reached XP level 3. HP: 28/28 MP: 4/4
  1398 | D:2      | Reached skill level 1 in Short Blades
  1398 | D:2      | Reached skill level 1 in Long Blades
  1398 | D:2      | Reached skill level 1 in Axes
  1398 | D:2      | Reached skill level 1 in Staves
  1398 | D:2      | Reached skill level 1 in Ranged Weapons
  1398 | D:2      | Reached skill level 1 in Throwing
  1398 | D:2      | Reached skill level 1 in Dodging
  1398 | D:2      | Reached skill level 1 in Stealth
  1398 | D:2      | Reached skill level 1 in Shields
  1398 | D:2      | Reached skill level 1 in Unarmed Combat
  1398 | D:2      | Reached skill level 1 in Spellcasting
  1895 | D:3      | Reached XP level 4. HP: 17/34 MP: 6/6
  1901 | D:3      | Reached skill level 1 in Conjurations
  1901 | D:3      | Reached skill level 1 in Hexes
  1901 | D:3      | Reached skill level 1 in Summonings
  1901 | D:3      | Reached skill level 1 in Necromancy
  1901 | D:3      | Reached skill level 1 in Translocations
  1901 | D:3      | Reached skill level 1 in Transmutations
  1901 | D:3      | Reached skill level 1 in Fire Magic
  1901 | D:3      | Reached skill level 1 in Ice Magic
  1901 | D:3      | Reached skill level 1 in Air Magic
  1901 | D:3      | Reached skill level 1 in Earth Magic
  1901 | D:3      | Reached skill level 1 in Poison Magic
  2133 | D:3      | Noticed an ogre
  2142 | D:3      | Killed an ogre
  2143 | D:3      | Reached skill level 3 in Fighting
  2143 | D:3      | Reached skill level 3 in Invocations
  2143 | D:3      | Reached skill level 3 in Evocations
  2143 | D:3      | Reached XP level 5. HP: 41/41 MP: 7/7
  2201 | D:3      | HP: 7/41 [gnoll/+1 flail of protection (10)]
  2277 | D:2      | HP: 10/41 [gnoll/+1 flail of protection (8)]
  2279 | D:2      | HP: 3/41 [gnoll/+0 flail (8)]
  2284 | D:2      | HP: 7/41 [gnoll/+0 flail (3)]
  2414 | D:3      | Reached XP level 6. HP: 47/47 MP: 8/8
  2927 | D:4      | Reached skill level 5 in Maces & Flails
  2927 | D:4      | Reached skill level 5 in Armour
  2957 | D:4      | Reached skill level 2 in Short Blades
  2957 | D:4      | Reached skill level 2 in Long Blades
  2957 | D:4      | Reached skill level 2 in Axes
  2957 | D:4      | Reached skill level 2 in Staves
  2957 | D:4      | Reached skill level 2 in Ranged Weapons
  2957 | D:4      | Reached skill level 2 in Throwing
  2957 | D:4      | Reached skill level 2 in Dodging
  2957 | D:4      | Reached skill level 2 in Stealth
  2957 | D:4      | Reached skill level 2 in Shields
  2957 | D:4      | Reached skill level 2 in Unarmed Combat
  2957 | D:4      | Reached skill level 2 in Spellcasting
  2970 | D:4      | Noticed Robin
  3135 | D:4      | Killed Robin
  3482 | D:5      | Entered Level 5 of the Dungeon
  3698 | D:4      | HP: 10/47 [gnoll/+0 whip[a gnoll bouda] (3)]
  3703 | D:4      | HP: 10/47 [gnoll/+0 whip[a gnoll bouda] (5)]
  3868 | D:4      | Reached skill level 7 in Polearms
  3868 | D:4      | Reached XP level 7. HP: 52/52 MP: 10/10
  4092 | D:5      | Reached skill level 2 in Conjurations
  4092 | D:5      | Reached skill level 2 in Hexes
  4092 | D:5      | Reached skill level 2 in Summonings
  4092 | D:5      | Reached skill level 2 in Necromancy
  4092 | D:5      | Reached skill level 2 in Translocations
  4092 | D:5      | Reached skill level 2 in Transmutations
  4092 | D:5      | Reached skill level 2 in Fire Magic
  4092 | D:5      | Reached skill level 2 in Ice Magic
  4092 | D:5      | Reached skill level 2 in Air Magic
  4092 | D:5      | Reached skill level 2 in Earth Magic
  4092 | D:5      | Reached skill level 2 in Poison Magic
  4919 | D:6      | Found an opulent altar of Gozag.
  4925 | D:6      | Became a worshipper of Gozag Ym Sagoz the Greedy
  5052 | D:6      | Found a staircase to the Ecumenical Temple.
  5156 | D:6      | Reached skill level 4 in Invocations
  5510 | D:6      | Found an ornate altar of the Wu Jian Council.
  5532 | D:6      | Reached skill level 4 in Fighting
  5532 | D:6      | Reached skill level 3 in Short Blades
  5532 | D:6      | Reached skill level 3 in Long Blades
  5532 | D:6      | Reached skill level 3 in Axes
  5532 | D:6      | Reached skill level 3 in Staves
  5532 | D:6      | Reached skill level 3 in Ranged Weapons
  5532 | D:6      | Reached skill level 3 in Throwing
  5532 | D:6      | Reached skill level 3 in Dodging
  5532 | D:6      | Reached skill level 3 in Stealth
  5532 | D:6      | Reached skill level 3 in Shields
  5532 | D:6      | Reached skill level 3 in Unarmed Combat
  5532 | D:6      | Reached skill level 3 in Spellcasting
  5532 | D:6      | Reached skill level 4 in Evocations
  5532 | D:6      | Reached XP level 8. HP: 53/60 MP: 12/12
  5970 | D:7      | Noticed Duvessa
  5972 | D:7      | Noticed Dowan
  5973 | D:7      | Gained mutation: You have large cloven feet. [potion of
                  | mutation]
  5973 | D:7      | Gained mutation: Your mind is acute. (Int +4, Str/Dex -1)
                  | [potion of mutation]
  5985 | D:7      | Killed Duvessa
  5995 | D:7      | Killed Dowan
  6061 | D:7      | Noticed a wraith
  6115 | D:7      | Killed a wraith
  6147 | D:7      | Noticed a cyan ugly thing
  6178 | D:7      | HP: 13/91 [cyan ugly thing (17)]
  6184 | D:7      | HP: 16/91 [cyan ugly thing (4)]
  6184 | D:7      | HP: 1/91 [cyan ugly thing (15)]
  6185 | D:7      | Slain by a cyan ugly thing

Illustrated notes

Levels and vault maps discovered:
D:1:      minmay_arrival_four_loops, layout_loops_ring, minmay_tripent
D:2:      layout_loops_corners
D:3:      layout_loops_ring, dk_noncrumbling_3, kennysheep_cross_room
D:4:      layout_cave_pools, kennysheep_generic_room_8, uniq_robin
D:5:      layout_cave_pods
D:6:      hellmonk_crumbling_castle, layout_basic,
          mainiacjoe_overflow_catch_the_wave, minmay_temple_entry_crystal_x
D:7:      nzn_winding_woodlands_small [nzn_winding_woodlands_5x15_cabin,
          nzn_winding_woodlands_center_diamonds,
          nzn_winding_woodlands_5x15_eye], layout_gridville, uniq_duvessa

Skill      XL: |  1  2  3  4  5  6  7 |
---------------+----------------------+-----
Short Blades   | 1 2 3 |  3.5
Long Blades    | 1 2 3 |  3.5
Axes           | 1 2 3 |  3.5
Staves         | 1 2 3 |  3.5
Ranged Weapons | 1 2 3 |  3.5
Throwing       | 1 2 3 |  3.5
Dodging        | 1 2 3 |  3.5
Stealth        | 1 2 3 |  3.5
Shields        | 1 2 3 |  3.5
Unarmed Combat | 1 2 3 |  3.5
Spellcasting   | 1 2 3 |  3.5
Conjurations   | 1 2 |  2.9
Hexes          | 1 2 |  2.9
Summonings     | 1 2 |  2.9
Necromancy     | 1 2 |  2.9
Translocations | 1 2 |  2.9
Transmutations | 1 2 |  2.9
Fire Magic     | 1 2 |  2.9
Ice Magic      | 1 2 |  2.9
Air Magic      | 1 2 |  2.9
Earth Magic    | 1 2 |  2.9
Poison Magic   | 1 2 |  2.9
Fighting       | 3 4 |  4.4
Invocations    | 3 4 |  4.8
Evocations     | 3 4 |  4.4
Maces & Flails | 5 |  5.9
Armour         | 5 |  5.9
Polearms       | 7 |  7.5

Action                     |  1- 3 |  4- 6 |  7- 9 || total
---------------------------+-------+-------+-------++-------
  Melee: Mace              |    97 |    66 |       ||   163
         Bite              |     9 |    18 |    21 ||    48
         Punch             |       |     2 |     5 ||     7
         Flail             |       |   149 |   239 ||   388
  Throw: Stone             |    10 |       |       ||    10
    Use: Scroll            |     2 |     9 |     6 ||    17
         Potion            |       |       |     4 ||     4
   Stab: Distracted        |       |       |     1 ||     1
 Armour: Ring mail         |    41 |       |       ||    41
         Scale mail        |    13 |   127 |   132 ||   272
         Skin              |       |       |    12 ||    12
  Dodge: Dodged            |    46 |   137 |   114 ||   297

Table legend: (Time is in decaauts)
 A = Elapsed time spent in this place.
 B = Non-inter-level travel time spent in this place.
 C = Inter-level travel time spent in this place.
 D = Time resting spent in this place.
 E = Time spent auto-exploring this place.
 F = Levels seen in this place.
 G = Mean time per level.
                   A        B        C        D        E       F      G
               +--------+--------+--------+--------+--------+-----+--------+
         Total |   6302 |   6067 |    235 |    449 |   4262 |   7 |  900.3 |
       Dungeon |   6302 |   6067 |    235 |    449 |   4262 |   7 |  900.3 |
               +--------+--------+--------+--------+--------+-----+--------+

Top non-repeatable levels by time:
     D:3: 1121 daAuts
     D:6: 1110 daAuts
     D:5: 1039 daAuts
     D:2: 979 daAuts
     D:1: 933 daAuts
     D:4: 736 daAuts
     D:7: 380 daAuts

Table legend:
 A = Kills in this place as a percentage of kills in entire the game.
 B = Kills by you in this place as a percentage of kills by you in the entire game.
 C = Kills by friends in this place as a percentage of kills by friends in the entire game.
 D = Other kills in this place as a percentage of other kills in the entire game.
 E = Experience gained in this place as a percentage of experience gained in the entire game.
 F = Experience gained in this place divided by the number of levels of this place that you have seen.
                   A       B       C       D       E      F
               +-------+-------+-------+-------+-------+----------------------
         Total | 100.0 | 100.0 |   N/A |   N/A | 100.0 | 275.1
       Dungeon | 100.0 | 100.0 |   N/A |   N/A | 100.0 | 275.1
               +-------+-------+-------+-------+-------+----------------------
